 Dungeon Crawl Stone Soup version 0.18.1-48-g4cf74bf (webtiles) character file.

2874 Mellonil the Chopper (level 9, -7/79 HPs)
             Began as a Hill Orc Fighter on Aug 7, 2016.
             Was a Believer of Makhleb.
             Killed by divine providence
             ... invoked by an orc priest
              (9 damage)
             ... on level 8 of the Dungeon.
             The game lasted 00:43:21 (8228 turns).

Mellonil the Chopper (Hill Orc Fighter)             Turns: 8228, Time: 00:43:23

Health: -7/79      AC: 10    Str: 20    XL:     9   Next: 76%
Magic:  14/14      EV:  8    Int: 10    God:    Makhleb [**....]
Gold:   135        SH: 10    Dex: 10    Spells: 0 memorised, 8 levels left

rFire  . . .     SeeInvis .     a - +1 war axe
rCold  . . .     Gourm    .     b - +0 scale mail
rNeg   . . .     Faith    .     c - +0 shield
rPois  +         Spirit   .     v - +1 helmet
rElec  .         Dismiss  .     (no cloak)
rCorr  .         Reflect  .     (no gloves)
SustAt .         Harm     .     (no boots)
MR     .....                    (no amulet)
Stlth  ..........               (no ring)
                                e - ring of poison resistance

@: not resistant to hostile enchantments, extremely unstealthy
A: no striking features
a: Minor Destruction, Renounce Religion, Convert to Beogh


You were on level 8 of the Dungeon.
You worshipped Makhleb.
Makhleb was pleased with you.
You were hungry.

You visited 1 branch of the dungeon, and saw 8 of its levels.

You collected 339 gold pieces.
You spent 204 gold pieces at shops.

Inventory:

Hand Weapons
 a - a +1 war axe (weapon)
Missiles
 t - 11 sling bullets
Armour
 b - a +0 scale mail (worn)
 c - a +0 shield (worn)
 v - a +1 helmet (worn)
Jewellery
 e - a ring of poison resistance (left hand)
Wands
 h - a wand of heal wounds (0/9)
 w - a wand of flame (26/48)
 y - a wand of iceblast (8/15)
Scrolls
 d - 2 scrolls of enchant weapon
 i - a scroll of blinking
 k - 2 scrolls of magic mapping
 o - 3 scrolls of teleportation
 q - a scroll of noise
 z - a scroll of identify
 D - a scroll of fog
Potions
 g - 4 potions of heal wounds
 j - a potion of resistance
 l - 5 potions of curing {unknown}
 m - a potion of agility {unknown}
 r - a potion of invisibility {unknown}
 u - 2 potions of brilliance {unknown}
 x - a potion of ambrosia {unknown}
 B - a potion of cure mutation {unknown}
 C - 2 potions of lignification {unknown}
Comestibles
 f - 4 bread rations
 p - 6 meat rations


   Skills:
 + Level 7.5 Fighting
 + Level 7.8 Axes
 + Level 6.9 Armour
 + Level 6.8 Shields
 * Level 6.9 Evocations


You had 8 spell levels left.
You didn't know any spells.

Dungeon Overview and Level Annotations

Branches:
Dungeon (8/15)             Temple (0/1) D:4
   Lair: D:8-11

Altars:
Ashenzari
Cheibriados
Elyvilon
Fedhas
Kikubaaqudgha
Makhleb
Okawaru
Qazlal
Ru
Vehumet
Xom
Zin
The Shining One

Shops:
D:5 ?

Annotations:
D:5 Grinder, Prince Ribbit


Message History

The orc wizard seems to speed up.
The orc priest looks braver for a moment.
An orc comes into view. It is wielding a flail.
Evoke which item? (* to show all) (? for menu, Esc to quit)
Zapping:
h - a wand of heal wounds {recharged} (will waste charges)
Press: ? - help, Shift-Dir - straight line, f - you, p - hill giant You feel much better.
Evoking this partially-identified wand wasted a few charges.
Your skill with magical items lets you calculate the power of this device...
This wand has 0 charges left.
The orc wizard casts a spell at you. The magic dart hits you!
The hill giant hits you with a giant spiked club!!
* * * LOW HITPOINT WARNING * * *
The orc wizard points at you and mumbles some strange words.
The magic dart hits you!
* * * LOW HITPOINT WARNING * * *
The orc priest mumbles some strange prayers to Beogh against you.
Beogh smites you!
You die...

### #####.#
##...
#.....#
#..).r###<#
.((.(oC@o#.#
#!..oo###.##
....o ##
#.o. #.# #


You could see a hill giant, 2 orc priests, 3 orc wizards, an orc and a quokka.

Vanquished Creatures
  Pikel (D:5)
  Eustachio (D:4)
  2 hungry ghosts (D:7)
  Menkaure (D:5)
  3 slaves (D:5)
  A wasp (D:7)
  2 sky beasts
  3 ogres (D:4)
  2 centaurs (D:7)
  A big kobold (D:7)
  3 giant frogs (D:7)
  8 scorpions
  2 centaur zombies (D:7)
  A quasit (D:6)
  A hound (D:4)
  An orc priest (D:7)
  A giant frog skeleton (D:4)
  An orc wizard (D:7)
  An iguana (D:6)
  5 worker ants
  A hound skeleton (D:7)
  11 adders
  2 oozes
  A dart slug (D:5)
  4 worms
  9 giant geckos
  9 orcs
  10 giant cockroaches
  8 goblins
  8 hobgoblins
  7 jackals
  3 quokkas
  A ball python (D:1)
  6 bats
  6 giant newts
  A jackal zombie (D:5)
  13 kobolds
  6 rats
147 creatures vanquished.

Vanquished Creatures (others)
  An orc (D:4)
  A fungus (D:4)
2 creatures vanquished.

Grand Total: 149 creatures vanquished

Notes
Turn   | Place    | Note
--------------------------------------------------------------
     0 | D:1      | Mellonil the Hill Orc Fighter began the quest for the Orb.
     0 | D:1      | Reached XP level 1. HP: 19/19 MP: 1/1
   120 | D:1      | Reached XP level 2. HP: 18/26 MP: 2/2
   476 | D:1      | Reached XP level 3. HP: 32/33 MP: 3/3
   898 | D:2      | Found a white marble altar of Elyvilon.
  1009 | D:2      | Found a glowing golden altar of the Shining One.
  1225 | D:2      | Reached XP level 4. HP: 30/41 MP: 4/4
  2666 | D:4      | Reached XP level 5. HP: 31/47 MP: 5/5
  3223 | D:4      | Found a stormy altar of Qazlal.
  3247 | D:4      | Found a snail-covered altar of Cheibriados.
  3248 | D:4      | Found a radiant altar of Vehumet.
  3248 | D:4      | Found an iron altar of Okawaru.
  3248 | D:4      | Found a sacrificial altar of Ru.
  3248 | D:4      | Found an ancient bone altar of Kikubaaqudgha.
  3249 | D:4      | Found a glowing silver altar of Zin.
  3250 | D:4      | Found a shattered altar of Ashenzari.
  3251 | D:4      | Found a burning altar of Makhleb.
  3251 | D:4      | Noticed an ogre
  3262 | D:4      | Killed an ogre
  3262 | D:4      | Reached skill level 5 in Fighting
  3262 | D:4      | Reached skill level 1 in Evocations
  3262 | D:4      | Reached XP level 6. HP: 26/56 MP: 5/7
  3266 | D:4      | Became a worshipper of Makhleb the Destroyer
  3425 | D:4      | Found a blossoming altar of Fedhas.
  3480 | D:4      | Reached skill level 5 in Axes
  3591 | D:4      | Reached XP level 7. HP: 28/61 MP: 8/8
  3925 | D:4      | Noticed Eustachio
  3939 | D:4      | Killed Eustachio
  3939 | D:4      | Reached skill level 5 in Shields
  3957 | D:4      | Reached skill level 5 in Armour
  4495 | D:4      | Reached XP level 8. HP: 70/70 MP: 10/10
  4711 | D:4      | Found a staircase to the Ecumenical Temple.
  4857 | D:5      | Entered Level 5 of the Dungeon
  4857 | D:5      | Found Paivisiq's Magic Scroll Shop.
  4857 | D:5      | Noticed Menkaure
  4865 | D:5      | Killed Menkaure
  4938 | D:5      | Bought a scroll of recharging for 114 gold pieces
  4938 | D:5      | Bought a scroll of blinking for 90 gold pieces
  4951 | D:5      | Found a burning altar of Makhleb.
  4951 | D:5      | Noticed an Executioner
  5163 | D:5      | Noticed Pikel
  5179 | D:5      | Killed Pikel
  5179 | D:5      | Reached skill level 5 in Evocations
  5563 | D:5      | Noticed Grinder
  5564 | D:5      | Noticed Prince Ribbit
  5833 | D:6      | Reached * piety under Makhleb
  5833 | D:6      | Reached XP level 9. HP: 42/78 MP: 11/13
  6236 | D:6      | Found a shimmering altar of Xom.
  7584 | D:7      | Reached ** piety under Makhleb
  8212 | D:8      | Noticed a hill giant
  8228 | D:8      | HP: 2/79 [orc wizard/magic dart (5)]
  8228 | D:8      | Killed from afar by an orc priest

Skill      XL: |  1  2  3  4  5  6  7  8  9 |
---------------+----------------------------+-----
Axes           | 3 4 5 7 |  7.8
Fighting       | 4 5 6 7 |  7.5
Shields        | 4 5 6 |  6.8
Armour         | 4 5 6 |  6.9
Evocations     | 1 2 3 5 6 |  6.9

Action                   |  1- 3 |  4- 6 |  7- 9 || total
-------------------------+-------+-------+-------++-------
Melee: War axe           |   123 |   140 |   470 ||   733
Throw: Javelin           |       |    11 |    12 ||    23
Evoke: Wand              |       |     1 |     2 ||     3
  Use: Scroll            |       |       |    13 ||    13
       Potion            |       |       |     2 ||     2
  Eat: Chunk             |     1 |     5 |    22 ||    28
       Fruit             |       |     2 |       ||     2
       Beef jerky        |       |       |     1 ||     1
Armor: Scale mail        |    44 |    47 |   211 ||   302
Dodge: Dodged            |    29 |    26 |   124 ||   179
Block: Shield            |    60 |    56 |   253 ||   369
